 Dungeon Crawl Stone Soup version 0.28-a0-1447-ga5a8893891 (webtiles) character file.

Game seed: 15434515146360453428

101 backslashecho the Chopper (level 4, 0/41 HPs)
             Began as a Minotaur Cinder Acolyte on Jan 10, 2022.
             Was a High Priest of Ignis.
             Slain by a water moccasin (1 damage)
             ... on level 5 of the Dungeon.
             The game lasted 00:06:11 (2942 turns).

backslashecho the Chopper (Minotaur Cinder Acolyte) Turns: 2942, Time: 00:06:11

Health: 0/41       AC:  8    Str: 21    XL:     4   Next: 48%
Magic:  4/4        EV:  7    Int: 11    God:    Ignis [*****.]
Gold:   83         SH:  0    Dex:  5    Spells: 5/5 levels left

rFire   + . .      SeeInvis .   a - -1 hand axe (flame)
rCold   . . .      Faith    .   (no shield)
rNeg    . . .      Spirit   .   f - +0 chain mail
rPois   +          Reflect  .   (helmet restricted)
rElec   .          Harm     .   (no cloak)
rCorr   .          Rampage  .   (no gloves)
Will    .....                   (no boots)
Stlth   ..........              (no amulet)
HPRegen 0.13/turn               e - ring of poison resistance
MPRegen 0.09/turn               (no ring)

@: brilliant, lethally poisoned (0 -> -6), flying
A: horns 2, retaliatory headbutt
a: Renounce Religion, Fiery Armour, Foxfire Swarm, Rising Flame


You were on level 5 of the Dungeon.
You worshipped Ignis.
Ignis was extremely pleased with you.
You visited 1 branch of the dungeon, and saw 5 of its levels.

You collected 83 gold pieces.

Inventory:

Hand Weapons
 a - a -1 hand axe of flaming (weapon)
Missiles
 j - a throwing net
 m - 6 javelins
 p - 3 curare-tipped darts (quivered)
Armour
 f - a +0 chain mail (worn)
Jewellery
 e - a ring of poison resistance (left hand)
Wands
 q - a wand of acid (10)
Scrolls
 b - a scroll of fog {unknown}
 c - a scroll of magic mapping {unknown}
 g - 5 scrolls of identify {unknown}
 h - a scroll of amnesia {unknown}
 n - a scroll of teleportation {unknown}
 o - a scroll of noise {unknown}
Potions
 d - a potion of brilliance
 i - a potion of flight
 k - a potion of berserk rage {unknown}
 l - a potion of might {unknown}
 r - a potion of heal wounds {unknown}


   Skills:
 + Level 4.7 Fighting
 * Level 5.7 Axes
 - Level 1.0 Spellcasting
 - Level 2.1 Fire Magic


You had 5 spell levels left.
You didn't know any spells.
Your spell library contained the following spells:

 Spells                   Type           Power      Damage    Failure   Level
 Scorch                   Fire           16%        2d5       92%         2


Dungeon Overview and Level Annotations

Branches:
Dungeon (6/15)
 Temple: D:4-7

Altars:

Shops:
D:3 [

Annotations:
D:3 1 runed translucent door, Iich's ghost, amateur MiBe


Innate Abilities, Weirdness & Mutations

You have a pair of horns on your head.
You reflexively headbutt those who attack you in melee.


Message History

There is a stone staircase leading down here.
You barely miss the water moccasin. The water moccasin closely misses you.
You barely miss the water moccasin. The water moccasin closely misses you.
The water moccasin bites you.
You take 4 damage, and have 25/41 hp.
Aiming: Corrosive Bolt
Press: ? - help, Shift-Dir - straight line, f - water moccasin
Aim: a water moccasin (53% to hit)
The bolt of acid hits the water moccasin!
The acid corrodes the water moccasin!
The water moccasin is moderately wounded.
The water moccasin bites you but does no damage.
You closely miss the water moccasin.
Your headbutt misses the water moccasin.
The water moccasin is moderately wounded.
The water moccasin bites you! The water moccasin bites you.
You are poisoned.
The water moccasin poisons you!
You take 12 damage, and have 13/41 hp.
MASSIVE DAMAGE!!
You closely miss the water moccasin.
The water moccasin is moderately wounded.
* * * LOW HITPOINT WARNING * * *
You feel very sick. The water moccasin bites you.
* * * LOW HITPOINT WARNING * * *
You take 5 damage, and have 8/41 hp.
It was a potion of brilliance.
You feel clever all of a sudden.
* * * LOW HITPOINT WARNING * * *
You feel very sick. The water moccasin closely misses you.
You take 3 damage, and have 5/41 hp.
It was a potion of flight.
You feel very buoyant.
You fly up into the air.
* * * LOW HITPOINT WARNING * * *
You feel sick. The water moccasin bites you.
* * * LOW HITPOINT WARNING * * *
The water moccasin bites you.
You die...

#.... #...#
#...## #..[.#
#..!.##
#.....#
#S....####
#.@.......
#............
###..........
##.........
##........
##.......
#.#....
.##...


You could see a water moccasin (corroded).

Vanquished Creatures
  2 gnolls (D:1)
  An adder (D:3)
  A worm (D:3)
  A dart slug (D:1)
  8 orcs
  6 endoplasms
  A giant cockroach (D:1)
  2 goblins (D:1)
  9 hobgoblins
  4 jackals (D:1)
  2 quokkas
  4 ball pythons
  4 bats
  5 kobolds
  2 rats
52 creatures vanquished.

Notes
Turn   | Place    | Note
-------+----------+-------------------------------------------
     0 | D:1      | backslashecho the Minotaur Cinder Acolyte began the quest
                  | for the Orb.
     0 | D:1      | Reached XP level 1. HP: 19/19 MP: 1/1
   262 | D:1      | Reached skill level 4 in Axes
   273 | D:1      | Reached XP level 2. HP: 21/27 MP: 2/2
   714 | D:1      | Reached XP level 3. HP: 26/33 MP: 3/3
   875 | D:1      | Found a faded altar of an unknown god.
   903 | D:1      | Reached skill level 5 in Axes
  2003 | D:3      | Reached XP level 4. HP: 39/41 MP: 4/4
  2255 | D:3      | Found a runed translucent door.
  2256 | D:3      | Noticed Iich's ghost (amateur MiBe)
  2714 | D:3      | Found Hawem's Armour Emporium.
  2930 | D:3      | You fall into a shaft and drop 3 floors!
  2930 | D:6      | Noticed a water moccasin
  2930 | D:6      | Noticed a water moccasin
  2935 | D:5      | Entered Level 5 of the Dungeon
  2942 | D:5      | HP: 1/41 [water moccasin (3)]
  2942 | D:5      | Slain by a water moccasin

Illustrated notes

Levels and vault maps discovered:
D:1:      mrwooster_arrival_statue, layout_loops_ring,
          hellmonk_ecumenical_altar_slurped_away
D:2:      layout_loops_ring
D:3:      layout_basic, gammafunk_ghost_grave, serial_shops, shop_statue,
          uniq_robin
D:5:      layout_cave_pods, nzn_overflow_gifts_of_might_and_magic,
          nicolae_overflow_hidden_temple
D:6:      layout_rooms

Skill      XL: |  1  2  3 |
---------------+----------+-----
Axes           | 4 5 |  5.7
Fighting       | 4 |  4.7
Spellcasting   | |  1.0
Fire Magic     | |  2.1

Action                   |  1- 3 |  4- 6 || total
-------------------------+-------+-------++-------
Melee: Hand axe          |    94 |    44 ||   138
       Punch             |     2 |       ||     2
       Headbutt          |    10 |     8 ||    18
Throw: Dart              |       |     1 ||     1
Evoke: Wand              |       |     1 ||     1
  Use: Potion            |       |     2 ||     2
Armor: Robe              |     2 |       ||     2
       Leather armour    |     3 |       ||     3
       Chain mail        |    28 |    23 ||    51
Dodge: Dodged            |    24 |    14 ||    38

Table legend: (Time is in decaauts)
 A = Elapsed time spent in this place.
 B = Non-inter-level travel time spent in this place.
 C = Inter-level travel time spent in this place.
 D = Time resting spent in this place.
 E = Time spent auto-exploring this place.
 F = Levels seen in this place.
 G = Mean time per level.
                   A        B        C        D        E       F      G
               +--------+--------+--------+--------+--------+-----+--------+
         Total |   2953 |   2755 |    198 |    563 |   1705 |   5 |  590.6 |
       Dungeon |   2953 |   2755 |    198 |    563 |   1705 |   5 |  590.6 |
               +--------+--------+--------+--------+--------+-----+--------+

Top non-repeatable levels by time:
     D:1: 1203 daAuts
     D:3: 902 daAuts
     D:2: 835 daAuts
     D:5: 6 daAuts
     D:6: 4 daAuts
